Map: Abyssal Reef LE

Players

StealthyChap - Winner!

  • Race: Protoss Protoss
  • League: Silver
  • Spawn Location: 11:00

SamuraiFunn

  • Race: Protoss Protoss
  • Spawn Location: 5:00

VOD

Have the link to the VOD?

Description

Time

  • Played on: Nov. 3, 2017, 11:40 p.m.
  • Length: 3:43
Show
View Real Time Build Order
Export as new Build Order

StealthyChap Protoss - Winner!

Build Orders:  

Get SALT Encoding   

  12  0:03  Probe (Chrono Boost)  
  13  0:15  Probe (Chrono Boost)  
  14  0:26  Probe (Chrono Boost)  
  15  0:44  Pylon  
  15  1:06  Gateway  
  15  1:07  Gateway  
  15  1:11  Forge  
  15  1:15  Pylon  
  15  1:21  Probe (Chrono Boost)  
  16  1:31  Probe (Chrono Boost)  
  17  1:51  Photon Cannon  
  17  1:56  Photon Cannon, Zealot  
  17  1:57  Zealot  
  21  2:24  Zealot x2  
  21  2:25  Pylon  
  21  2:26  Pylon  
  21  2:28  Pylon  
  25  2:35  Assimilator  
  25  2:37  Assimilator  
  25  2:51  Zealot  
  27  2:52  Zealot  
Show
View Real Time Build Order
Export as new Build Order

SamuraiFunn Protoss 

Build Orders:  

Get SALT Encoding   

  12  0:01  Probe (Chrono Boost)  
  13  0:12  Probe (Chrono Boost)  
  14  0:20  Pylon  
  14  0:23  Probe (Chrono Boost)  
  15  0:38  Probe (Chrono Boost)  
  16  0:47  Gateway  
  16  0:49  Probe (Chrono Boost)  
  17  0:57  Assimilator  
  17  0:59  Probe (Chrono Boost)  
  18  1:10  Probe (Chrono Boost)  
  19  1:26  Probe (Chrono Boost)  
  20  1:36  Cybernetics Core  
  20  1:39  Probe (Chrono Boost)  
  21  1:50  Probe (Chrono Boost)  
  22  1:55  Pylon  
  22  2:00  Probe (Chrono Boost)  
  23  2:04  Pylon  
  23  2:09  Assimilator  
  23  2:13  Zealot  
  23  2:14  Probe (Chrono Boost)  
  26  2:28  Probe (Chrono Boost)  
  27  2:39  Nexus  
  27  2:45  Probe (Chrono Boost)  
  27  2:50  Twilight Council  
  28  3:01  Zealot  
Tags
 
League
Silver
Matchup
PvP
Replay Pack
First 100 games
Spawn Locations
Cross Positions
Add a new tag
Caveats
  • Supply blocks, unpowered buildings, or Contaminate may cause inaccurate times.
  • Supply counts are checked every 10 seconds.